 Dungeon Crawl Stone Soup version 0.19-a0-139-gefc6d61 (webtiles) character file.

119 Zhenya25pyc the Skirmisher (level 5, -1/34 HPs)
             Began as a Gargoyle Fighter on May 17, 2016.
             Slain by Sigmund
             ... wielding a +0 scythe
              (2 damage)
             ... on level 3 of the Dungeon.
             The game lasted 00:02:45 (1718 turns).

Zhenya25pyc the Skirmisher (Gargoyle Fighter)       Turns: 1718, Time: 00:02:46

Health: -1/34      AC: 11    Str: 21    XL:     5   Next: 3%
Magic:  14/14      EV:  7    Int:  8    God:
Gold:   169        SH:  9    Dex:  9    Spells: 0 memorised, 4 levels left

rFire  . . .     SeeInvis .     a - +0 flail
rCold  . . .     Gourm    .     b - +0 scale mail
rNeg   + . .     Faith    .     c - +0 shield
rPois  ∞         Spirit   .     (no helmet)
rElec  +         Dismiss  .     (no cloak)
rCorr  .         Reflect  .     (no gloves)
SustAt .         Harm     .     (no boots)
MR     .....     Rnd*Tele +     (no amulet)
Stlth  ..........               k - ring of magical power
                                e - ring of teleportation (curse)

@: not resistant to hostile enchantments, extremely unstealthy
A: negative energy resistance 1, electricity resistance, unbreathing,
petrification resistance, rot immunity, AC +4
a: no special abilities


You were on level 3 of the Dungeon.
You were not hungry.

You visited 1 branch of the dungeon, and saw 3 of its levels.

You collected 169 gold pieces.

Inventory:

Hand Weapons
 a - a +0 flail (weapon)
Armour
 b - a +0 scale mail (worn)
 c - a +0 shield (worn)
Jewellery
 e - a cursed ring of teleportation (left hand)
 k - a ring of magical power (right hand)
Wands
 s - a wand of enslavement (15/24)
Scrolls
 h - a scroll of blinking {unknown}
 i - 2 scrolls of identify {unknown}
 j - a scroll of remove curse {unknown}
 n - a scroll of amnesia {unknown}
 o - 2 scrolls of immolation {unknown}
 p - a scroll of teleportation {unknown}
Potions
 d - a potion of might
 l - a potion of curing {unknown}
 m - a potion of lignification {unknown}
 q - a potion of degeneration {unknown}
 r - a potion of agility {unknown}
Comestibles
 f - 4 bread rations
 g - a slice of pizza


   Skills:
 + Level 4.3 Fighting
 * Level 3.5 Maces & Flails
 + Level 4.1 Armour
 - Level 3.2 Shields


You had 4 spell levels left.
You didn't know any spells.

Dungeon Overview and Level Annotations

Branches:
Dungeon (3/15)

Altars:
Nemelex Xobeh

Annotations:
D:3 Sigmund


Innate Abilities, Weirdness & Mutations

You are resistant to torment.
Your stone body is resilient (AC +4).
You are immune to poison.
You resist negative energy.
You are resistant to electric shocks.
You can survive without breathing.
You are immune to petrification.
You are immune to rotting.


Message History

No target in view!
A magic dart appears from out of thin air!
The magic dart hits you! Something hits you.
You swing at nothing.
Something hits you. Something hits you but does no damage.
You miss something. You miss something. Something hits you but does no damage.
You closely miss something. Something hits you!
You hit something. You block something's attack.
You miss something. Something hits you!
* * * LOW HITPOINT WARNING * * *
You miss something. Something hits you.
* * * LOW HITPOINT WARNING * * *
Your shield and scale mail prevent you from hitting something.
Something hits you.
* * * LOW HITPOINT WARNING * * *
You barely miss something. You miss something. Something hits you.
You die...

...# #####.# ......#
#+# ####### #.# #.#
##########.##
#...†.......##
#.#...(......########.#
#.#.###.....###.@{....#
#.#.# #...........#####
....###..######...#
#.#......# #####
#.######.# #........#
##########


There were no monsters in sight!

Vanquished Creatures
  4 adders
  2 oozes (D:2)
  2 worms (D:2)
  2 dart slugs
  11 bats
  2 giant cockroaches (D:1)
  7 goblins
  10 hobgoblins
  3 jackals (D:1)
  A quokka (D:2)
  2 ball pythons
  2 giant newts
  8 kobolds
  7 rats
63 creatures vanquished.

Notes
Turn   | Place    | Note
--------------------------------------------------------------
     0 | D:1      | Zhenya25pyc the Gargoyle Fighter began the quest for the Orb.
     0 | D:1      | Reached XP level 1. HP: 14/14 MP: 1/1
   135 | D:1      | Reached XP level 2. HP: 12/19 MP: 2/2
   511 | D:1      | Found a sparkling altar of Nemelex Xobeh.
   576 | D:1      | Reached XP level 3. HP: 21/24 MP: 3/3
  1096 | D:2      | Reached XP level 4. HP: 23/29 MP: 4/4
  1617 | D:3      | Reached XP level 5. HP: 33/34 MP: 5/5
  1703 | D:3      | Noticed Sigmund
  1716 | D:3      | HP: 1/34 [something (4)]
  1718 | D:3      | Slain by Sigmund

Vault maps used:
D:1:      lightli_iron_boxes, serial_aquarium, aquarium_bridge_straight,
          aquarium_window_double, aquarium_window_1, aquarium_view_2g,
          aquarium_view_2f, aquarium_balcony_3a, aquarium_pool_2,
          serial_bayou_ford_a, st_stairs_14, nemelex_diamond_rough_becter
D:2:      wad_river_or_something
D:3:      led_xom_imps, uniq_sigmund, uniq_natasha

Skill      XL: |  1  2  3  4 |
---------------+-------------+-----
Fighting       | 4 |  4.3
Maces & Flails | 3 |  3.5
Armour         | 4 |  4.1
Shields        | |  3.2

Action                   |  1- 3 |  4- 6 || total
-------------------------+-------+-------++-------
Melee: Flail             |   203 |    91 ||   294
  Eat: Chunk             |     1 |     2 ||     3
Armor: Scale mail        |   190 |    48 ||   238
Dodge: Dodged            |   103 |    31 ||   134
Block: Shield            |   177 |    57 ||   234
